TOP OF THE 1ST |
Barton Springs Blues batting - Pitching for Richland Rails : RHP Zuo-lin Liang
|
Pitching: RHP Zuo-lin Liang
|
|
Batting: LHB Armando Vińa
|
0-0: Called Strike 0-1: Ball 1-1: SINGLE (Groundball, 6, EV 101.9 MPH) (infield hit)
|
Batting: RHB Kamakakoa Kaponianani
|
0-0: Ball 1-0: Called Strike 1-1: Ball 2-1: Foul Ball, location: 2F 2-2: Foul Ball, location: 2F 2-2: Foul Ball, location: 2F 2-2: Ball 3-2: Base on Balls Armando Vińa to second
|
Batting: RHB Maema Njongmeta
|
0-0: Called Strike 0-1: SINGLE (Line Drive, 34D, EV 96.2 MPH) Armando Vińa to third Kamakakoa Kaponianani to second
|
Batting: RHB Carlos Hernández
|
0-0: Called Strike 0-1: Ball 1-1: Ball 2-1: Ball 3-1: Base on Balls Armando Vińa scores Kamakakoa Kaponianani to third Maema Njongmeta to second
|
Batting: RHB Rutland Stones
|
0-0: Called Strike 0-1: Ball 1-1: Swinging Strike 1-2: Ball 2-2: Ball 3-2: Base on Balls Kamakakoa Kaponianani scores Maema Njongmeta to third Carlos Hernández to second
|
Batting: RHB John Gaudet
|
0-0: Swinging Strike 0-1: Called Strike 0-2: Foul Ball, location: 2F 0-2: Ball 1-2: Foul Ball, location: 2F 1-2: Strikes out looking
|
Batting: RHB Francisco Ortíz
|
0-0: Called Strike 0-1: Ball 1-1: Fly out, F8 (Line Drive, 8RD, EV 98.8 MPH) Runner from 3rd tags up, SCORES, throw by CF Carlos Hernández to third
|
Batting: RHB José González
|
0-0: Swinging Strike 0-1: Called Strike 0-2: Ball 1-2: Foul Ball, location: 2F 1-2: Ball 2-2: Strikes out swinging
|
Top of the 1st over - 3 runs, 2 hits, 0 errors, 2 left on base; Barton Springs 3 - Richland 0 |
BOTTOM OF THE 1ST |
Richland Rails batting - Pitching for Barton Springs Blues : LHP Jaime Chávez
|
Pitching: LHP Jaime Chávez
|
|
Batting: RHB Richard Forrest
|
0-0: Ground out 6-3 (Groundball, 56, EV 88.1 MPH)
|
Batting: RHB Ángel Saelices
|
0-0: DOUBLE (Line Drive, 89D, EV 106.2 MPH)
|
Batting: RHB Vinnie Nuyten
|
0-0: Ball 1-0: Foul Ball, location: 2F 1-1: Ball 2-1: Called Strike 2-2: Strikes out looking
|
Batting: RHB César Vélez
|
0-0: Ball 1-0: Ball 2-0: Swinging Strike 2-1: Ball 3-1: Base on Balls
|
Batting: LHB Ronald Lithgoe
|
0-0: Ball 1-0: Fielders Choice at 2nd, U6 (Groundball, 6M, EV 80.0 MPH)
|
Bottom of the 1st over - 0 runs, 1 hit, 0 errors, 2 left on base; Barton Springs 3 - Richland 0 |
TOP OF THE 2ND |
Barton Springs Blues batting - Pitching for Richland Rails : RHP Zuo-lin Liang
|
Batting: RHB Mike O'Neill
|
0-0: Ball 1-0: Ball 2-0: Foul Ball, location: 2F 2-1: Ball 3-1: DOUBLE (Flyball, 8LXD, EV 96.9 MPH)
|
Batting: LHB Armando Vińa
|
0-0: Ball 1-0: Ground out U3 (Groundball, 3, EV 79.4 MPH) Mike O'Neill to third
|
Batting: RHB Kamakakoa Kaponianani
|
0-0: Ball 1-0: Ball 2-0: Called Strike 2-1: Ball 3-1: Base on Balls
|
Batting: RHB Maema Njongmeta
|
0-0: Ball 1-0: Ball 2-0: Ball 3-0: Called Strike 3-1: Called Strike 3-2: Foul Ball, location: 2F 3-2: Ground out 5-3 (Groundball, 56, EV 79.4 MPH) Mike O'Neill scores Kamakakoa Kaponianani to second
|
Batting: RHB Carlos Hernández
|
0-0: Called Strike 0-1: Ball 1-1: Ground out 5-3 (Groundball, 56, EV 99.4 MPH)
|
Top of the 2nd over - 1 run, 1 hit, 0 errors, 1 left on base; Barton Springs 4 - Richland 0 |
BOTTOM OF THE 2ND |
Richland Rails batting - Pitching for Barton Springs Blues : LHP Jaime Chávez
|
Batting: SHB Cheong-hun Kang
|
0-0: Ball 1-0: Ball 2-0: Ball 3-0: Called Strike 3-1: Foul Ball, location: 2F 3-2: Foul Ball, location: 2F 3-2: Fly out, F8 (Flyball, 8RS, EV 96.2 MPH)
|
Batting: RHB Jon Walker
|
0-0: Foul Ball, location: 2F 0-1: Ball 1-1: Ball 2-1: Foul Ball, location: 2F 2-2: Strikes out looking
|
Batting: RHB Gene Payne
|
0-0: Ball 1-0: Called Strike 1-1: Foul Ball, location: 2F 1-2: Foul Ball, location: 2F 1-2: Ball 2-2: SINGLE (Groundball, 6MD, EV 106.2 MPH)
|
Batting: RHB Ted Murphy
|
0-0: Ball 1-0: Ball 2-0: Ground out 4-3 (Groundball, 34, EV 85.6 MPH)
|
Bottom of the 2nd over - 0 runs, 1 hit, 0 errors, 1 left on base; Barton Springs 4 - Richland 0 |
TOP OF THE 3RD |
Barton Springs Blues batting - Pitching for Richland Rails : RHP Zuo-lin Liang
|
Batting: RHB Rutland Stones
|
0-0: Fly out, F7 (Flyball, 7, EV 73.8 MPH)
|
Batting: RHB John Gaudet
|
0-0: Foul Ball, location: 2F 0-1: Swinging Strike 0-2: Reached via error on a dropped throw from 1B, E1 (Groundball, 34, EV 101.2 MPH)
|
Batting: RHB Francisco Ortíz
|
0-0: Ball 1-0: Ball 2-0: SINGLE (Line Drive, 8LS, EV 97.5 MPH) John Gaudet to second Runner from 2nd tries for 3rd, SAFE after rundown.
|
Batting: RHB José González
|
0-0: Ball 1-0: Foul Ball, location: 2F 1-1: Swinging Strike 1-2: Strikes out looking
|
Batting: RHB Mike O'Neill
|
0-0: Called Strike 0-1: Foul Ball, location: 2F 0-2: Ball 1-2: Strikes out swinging
|
Top of the 3rd over - 0 runs, 1 hit, 1 error, 2 left on base; Barton Springs 4 - Richland 0 |
BOTTOM OF THE 3RD |
Richland Rails batting - Pitching for Barton Springs Blues : LHP Jaime Chávez
|
Batting: RHB Richard Forrest
|
0-0: Called Strike 0-1: Ball 1-1: Ball 2-1: Ball 3-1: Called Strike 3-2: Base on Balls
|
Batting: RHB Ángel Saelices
|
0-0: Ball 1-0: Ball 2-0: Called Strike 2-1: SINGLE (Groundball, 34D, EV 105.6 MPH) Richard Forrest to second Runner from 2nd tries for 3rd, SAFE, throw by RF made to third
|
Batting: RHB Vinnie Nuyten
|
0-0: Ball 1-0: Ball 2-0: Swinging Strike 2-1: Fly out, F9 (Flyball, 9LMF, EV 103.1 MPH) Runner from 3rd tags up, SCORES, no throw by RF
|
Batting: RHB César Vélez
|
0-0: Called Strike 0-1: Ball 1-1: Swinging Strike 1-2: Strikes out looking
|
Batting: LHB Ronald Lithgoe
|
0-0: Called Strike 0-1: Swinging Strike Ángel Saelices steals 2nd base 0-2: Foul Ball, location: 2F 0-2: Ball 1-2: 2-RUN HOME RUN (Flyball, 9D, EV 101.2 MPH), Distance : 359 ft
|
Batting: SHB Cheong-hun Kang
|
0-0: Swinging Strike 0-1: Ball 1-1: Ground out 6-3 (Groundball, 6, EV 90.0 MPH)
|
Bottom of the 3rd over - 3 runs, 2 hits, 0 errors, 0 left on base; Barton Springs 4 - Richland 3 |
TOP OF THE 4TH |
Barton Springs Blues batting - Pitching for Richland Rails : RHP Zuo-lin Liang
|
Batting: LHB Armando Vińa
|
0-0: Called Strike 0-1: Ball 1-1: Called Strike 1-2: Foul Ball, location: 2F 1-2: Ball 2-2: Foul Ball, location: 2F 2-2: Foul Ball, location: 2F 2-2: Strikes out swinging
|
Batting: RHB Kamakakoa Kaponianani
|
0-0: Ball 1-0: SINGLE (Groundball, 56S, EV 73.1 MPH) (infield hit)
|
Batting: RHB Maema Njongmeta
|
0-0: DOUBLE (Line Drive, 89M, EV 95.0 MPH) Kamakakoa Kaponianani to third Runner from 3rd tries for Home, SAFE, throw by RF to home
|
Pitching: RHP Hirohisa Niiya
|
|
Batting: RHB Carlos Hernández
|
0-0: Called Strike 0-1: Called Strike 0-2: Ball 1-2: Ground out 6-3 (Groundball, 6, EV 79.4 MPH)
|
Batting: RHB Rutland Stones
|
0-0: Swinging Strike 0-1: Foul Ball, location: 2F 0-2: Ball 1-2: Ball 2-2: Foul Ball, location: 2F 2-2: Ball 3-2: Ground out 1-3 (Groundball, 15, EV 85.6 MPH)
|
Top of the 4th over - 1 run, 2 hits, 0 errors, 1 left on base; Barton Springs 5 - Richland 3 |
BOTTOM OF THE 4TH |
Richland Rails batting - Pitching for Barton Springs Blues : LHP Jaime Chávez
|
Batting: RHB Jon Walker
|
0-0: Ground out 4-3 (Groundball, 4S, EV 78.8 MPH)
|
Batting: RHB Gene Payne
|
0-0: Ball 1-0: Swinging Strike 1-1: Called Strike 1-2: Ball 2-2: Strikes out looking
|
Batting: RHB Ted Murphy
|
0-0: Swinging Strike 0-1: Ball 1-1: Fly out, F9 (Flyball, 9D, EV 95.0 MPH)
|
Bottom of the 4th over - 0 runs, 0 hits, 0 errors, 0 left on base; Barton Springs 5 - Richland 3 |
TOP OF THE 5TH |
Barton Springs Blues batting - Pitching for Richland Rails : RHP Hirohisa Niiya
|
Batting: RHB John Gaudet
|
0-0: Ball 1-0: Ball 2-0: Ground out 4-3 (Groundball, 4, EV 88.1 MPH)
|
Batting: RHB Francisco Ortíz
|
0-0: Called Strike 0-1: Called Strike 0-2: Strikes out swinging
|
Batting: RHB José González
|
0-0: Ball 1-0: Ball 2-0: Ball 3-0: Swinging Strike 3-1: Foul Ball, location: 2F 3-2: Strikes out swinging
|
Top of the 5th over - 0 runs, 0 hits, 0 errors, 0 left on base; Barton Springs 5 - Richland 3 |
BOTTOM OF THE 5TH |
Richland Rails batting - Pitching for Barton Springs Blues : LHP Jaime Chávez
|
Batting: RHB Richard Forrest
|
0-0: Called Strike 0-1: Fly out, F8 (Flyball, 8RM, EV 93.8 MPH)
|
Batting: RHB Ángel Saelices
|
0-0: Foul Ball, location: 2F 0-1: Fly out, F8 (Flyball, 89D, EV 96.9 MPH)
|
Batting: RHB Vinnie Nuyten
|
0-0: Called Strike 0-1: Ball 1-1: SINGLE (Line Drive, 9S, EV 91.9 MPH)
|
Batting: RHB César Vélez
|
0-0: Called Strike 0-1: Ball 1-1: Fielders Choice at 2nd, 6-4 (Groundball, 6, EV 91.2 MPH)
|
Bottom of the 5th over - 0 runs, 1 hit, 0 errors, 1 left on base; Barton Springs 5 - Richland 3 |
TOP OF THE 6TH |
Barton Springs Blues batting - Pitching for Richland Rails : RHP Hirohisa Niiya
|
Batting: RHB Mike O'Neill
|
0-0: Ball 1-0: Ball 2-0: Swinging Strike 2-1: Ball 3-1: Base on Balls
|
Batting: LHB Armando Vińa
|
0-0: Sac Bunt to 2R - play at first, batter OUT! 2-3 Mike O'Neill to second
|
Batting: RHB Kamakakoa Kaponianani
|
0-0: Ground out 4-3 (Groundball, 4S, EV 93.8 MPH) Mike O'Neill to third
|
Batting: RHB Maema Njongmeta
|
0-0: Foul Ball, location: 2F 0-1: Ball 1-1: Ground out 6-3 (Groundball, 6, EV 83.8 MPH)
|
Top of the 6th over - 0 runs, 0 hits, 0 errors, 1 left on base; Barton Springs 5 - Richland 3 |
BOTTOM OF THE 6TH |
Richland Rails batting - Pitching for Barton Springs Blues : LHP Jaime Chávez
|
Batting: LHB Ronald Lithgoe
|
0-0: Called Strike 0-1: Ball 1-1: Ball 2-1: Foul Ball, location: 2F 2-2: Fly out, F7 (Flyball, 7, EV 89.4 MPH)
|
Batting: SHB Cheong-hun Kang
|
0-0: Swinging Strike 0-1: Foul Ball, location: 2F 0-2: Strikes out looking
|
Batting: RHB Jon Walker
|
0-0: Ball 1-0: Swinging Strike 1-1: Swinging Strike 1-2: Foul Ball, location: 2F 1-2: Ball 2-2: Foul Ball, location: 2F 2-2: Foul Ball, location: 2F 2-2: Strikes out swinging
|
Bottom of the 6th over - 0 runs, 0 hits, 0 errors, 0 left on base; Barton Springs 5 - Richland 3 |
TOP OF THE 7TH |
Barton Springs Blues batting - Pitching for Richland Rails : RHP Hirohisa Niiya
|
Batting: RHB Carlos Hernández
|
0-0: Called Strike 0-1: Foul Ball, location: 2F 0-2: Ball 1-2: Ball 2-2: Ball 3-2: Base on Balls
|
Pitching: RHP Chris Sanders
|
|
Batting: RHB Rutland Stones
|
0-0: Ball 1-0: Called Strike 1-1: Swinging Strike 1-2: Foul Ball, location: 2F 1-2: Ball 2-2: Ball 3-2: Strikes out swinging Carlos Hernández is caught stealing 2nd base 2-4 Batter strikes out.
|
Batting: RHB John Gaudet
|
0-0: Ball 1-0: Foul Ball, location: 2F 1-1: Ball 2-1: DOUBLE (Flyball, 9LD, EV 109.4 MPH)
|
Batting: RHB Francisco Ortíz
|
0-0: Ball 1-0: Fly out, F7 (Line Drive, 7, EV 90.0 MPH)
|
Top of the 7th over - 0 runs, 1 hit, 0 errors, 1 left on base; Barton Springs 5 - Richland 3 |
BOTTOM OF THE 7TH |
Richland Rails batting - Pitching for Barton Springs Blues : LHP Jaime Chávez
|
Pitching: RHP Walton Gibbs
|
|
Batting: RHB Gene Payne
|
0-0: Ground out 4-3 (Groundball, 4D, EV 108.1 MPH)
|
Batting: RHB Ted Murphy
|
0-0: Ball 1-0: Called Strike 1-1: Called Strike 1-2: Fly out, F8 (Flyball, 8RS, EV 79.4 MPH)
|
Batting: RHB Richard Forrest
|
0-0: Ball 1-0: Called Strike 1-1: Foul Ball, location: 2F 1-2: Foul Ball, location: 2F 1-2: Foul Ball, location: 2F 1-2: Foul Ball, location: 2F 1-2: Foul Ball, location: 2F 1-2: Ball 2-2: Foul Ball, location: 2F 2-2: Ball 3-2: SINGLE (Groundball, 4MD, EV 97.5 MPH)
|
Batting: RHB Ángel Saelices
|
0-0: SINGLE (Line Drive, 8LS, EV 104.4 MPH) Richard Forrest to second
|
Batting: RHB Vinnie Nuyten
|
0-0: Called Strike 0-1: Foul Ball, location: 2F 0-2: Ball 1-2: SINGLE (Line Drive, 8LS, EV 92.5 MPH) Richard Forrest to third Ángel Saelices to second Runner from 3rd tries for Home, SAFE, throw by CF to home
|
Batting: RHB César Vélez
|
0-0: Ball 1-0: Ball 2-0: Ball 3-0: Called Strike 3-1: Foul Ball, location: 2F 3-2: Strikes out looking
|
Bottom of the 7th over - 1 run, 3 hits, 0 errors, 2 left on base; Barton Springs 5 - Richland 4 |
TOP OF THE 8TH |
Barton Springs Blues batting - Pitching for Richland Rails : RHP Chris Sanders
|
Batting: RHB José González
|
0-0: Called Strike 0-1: Ground out 5-3 (Groundball, 5, EV 86.9 MPH)
|
Batting: RHB Mike O'Neill
|
0-0: Called Strike 0-1: Reached on error, E6 (Groundball, 6, EV 84.4 MPH)
|
Batting: LHB Armando Vińa
|
0-0: SINGLE (Flyball, 9LS, EV 95.6 MPH) Mike O'Neill to second
|
Batting: RHB Kamakakoa Kaponianani
|
0-0: Foul Ball, location: 2F 0-1: Fly out, F9 (Flyball, 9, EV 92.5 MPH)
|
Batting: RHB Maema Njongmeta
|
0-0: Fly out, F8 (Flyball, 78D, EV 105.0 MPH)
|
Top of the 8th over - 0 runs, 1 hit, 1 error, 2 left on base; Barton Springs 5 - Richland 4 |
BOTTOM OF THE 8TH |
Richland Rails batting - Pitching for Barton Springs Blues : RHP Walton Gibbs
|
Batting: LHB Ronald Lithgoe
|
0-0: Fly out, F9 (Flyball, 9S, EV 84.4 MPH)
|
Batting: SHB Cheong-hun Kang
|
0-0: Swinging Strike 0-1: Ground out U3 (Groundball, 3L, EV 88.1 MPH)
|
Batting: RHB Jon Walker
|
0-0: Called Strike 0-1: Ball 1-1: Ball 2-1: Ball 3-1: Called Strike 3-2: SINGLE (Flyball, 7LS, EV 90.6 MPH)
|
Pitching: RHP Francisco Esposo
|
|
Pinch Hitting: SHB Oscar Henson
|
0-0: Ball 1-0: SINGLE (Groundball, 4MD, EV 97.5 MPH) Jon Walker to second
|
Pinch Runner at 2nd Jon Hill:
|
|
Pinch Hitting: LHB Josh Wiggins
|
0-0: Ball 1-0: Ball 2-0: Reached on error, E3 (Groundball, 3, EV 88.1 MPH) Jon Hill to third Oscar Henson to second
|
Batting: RHB Richard Forrest
|
0-0: Called Strike 0-1: Ball 1-1: Fielders Choice at 2nd, 6-4 (Groundball, 6, EV 82.5 MPH)
|
Bottom of the 8th over - 0 runs, 2 hits, 1 error, 3 left on base; Barton Springs 5 - Richland 4 |
TOP OF THE 9TH |
Barton Springs Blues batting - Pitching for Richland Rails : RHP Chris Sanders
|
Now at C: Jesús Sánchez
|
|
Now at 1B: Joe Middleton
|
|
Now in RF: Wilbur Thomas
|
|
Batting: RHB Carlos Hernández
|
0-0: Ball 1-0: Ball 2-0: Swinging Strike 2-1: Called Strike 2-2: Foul Ball, location: 2F 2-2: Foul Ball, location: 2F 2-2: Strikes out swinging
|
Batting: RHB Rutland Stones
|
0-0: Ball 1-0: Ground out 6-3 (Groundball, 6, EV 83.8 MPH)
|
Batting: RHB John Gaudet
|
0-0: Ball 1-0: Ball 2-0: Foul Ball, location: 2F 2-1: Foul Ball, location: 2F 2-2: Strikes out swinging
|
Top of the 9th over - 0 runs, 0 hits, 0 errors, 0 left on base; Barton Springs 5 - Richland 4 |
BOTTOM OF THE 9TH |
Richland Rails batting - Pitching for Barton Springs Blues : RHP Francisco Esposo
|
Pitching: RHP Bungay Osiman
|
|
Now at 1B: Roy Snider
|
|
Batting: RHB Ángel Saelices
|
0-0: Called Strike 0-1: Foul Ball, location: 2F 0-2: Ball 1-2: Ball 2-2: Ball 3-2: Foul Ball, location: 2F 3-2: SINGLE (Groundball, 4D, EV 105.6 MPH)
|
Batting: RHB Vinnie Nuyten
|
0-0: Called Strike 0-1: SINGLE (Line Drive, 6M, EV 97.5 MPH) Ángel Saelices to second Runner from 2nd tries for 3rd, SAFE, no throw by CF
|
Batting: RHB César Vélez
|
0-0: Ball 1-0: Ball 2-0: Called Strike 2-1: Ball 3-1: Ground out 5-3 (Groundball, 5L, EV 86.9 MPH) Vinnie Nuyten to second
|
Batting: LHB Ronald Lithgoe
|
0-0: Intentional Walk
|
Batting: SHB Cheong-hun Kang
|
0-0: Ball 1-0: SINGLE (Groundball, 56, EV 99.4 MPH) Ángel Saelices scores Vinnie Nuyten to third Ronald Lithgoe to second Runner from 3rd tries for Home, SAFE, no throw by LF
|
 |
Friday, October 2nd, 2020 - OOTP Baseball 20.8 Build 74
|
|